Map: Stocznia orbitalna

Players

MorDka - Winner!

  • Race: Protoss Protoss
  • League: Diamond

Lowko

  • Race: Zerg Zerg
  • League: Diamond

VOD

https://www.youtube.com/watch?v=k7bopM2Cssk

Description

Time

  • Played on: Oct. 5, 2015, 7:21 a.m.
  • Length: 6:12
Show
View Real Time Build Order
Export as new Build Order

MorDka Protoss - Winner!

Build Orders: Nexus First 

Get SALT Encoding   

  12  0:01  Probe (Chrono Boost)  
  13  0:11  Probe (Chrono Boost)  
  14  0:17  Pylon  
  14  0:22  Probe (Chrono Boost)  
  15  0:36  Probe (Chrono Boost)  
  16  0:46  Probe (Chrono Boost)  
  17  1:00  Nexus  
  17  1:10  Gateway  
  17  1:12  Probe (Chrono Boost)  
  18  1:18  Assimilator  
  18  1:22  Probe (Chrono Boost)  
  19  1:29  Assimilator  
  19  1:33  Probe (Chrono Boost)  
  20  1:43  Probe (Chrono Boost)  
  22  1:54  Probe (Chrono Boost)  
  22  1:58  Cybernetics Core  
  22  2:04  Pylon  
  22  2:05  Probe (Chrono Boost)  
  23  2:15  Probe (Chrono Boost)  
  24  2:16  Probe (Chrono Boost)  
  25  2:26  Probe (Chrono Boost)  
  25  2:29  Probe (Chrono Boost)  
  27  2:34  Adept (Chrono Boost)  
  27  2:36  Robotics Facility  
  29  2:39  Probe  
  29  2:41  Warp Gate  
  30  2:44  Probe  
  32  2:51  Probe  
  32  2:55  Probe  
  32  2:56  Twilight Council  
  33  3:01  Sentry (Chrono Boost)  
  33  3:03  Probe  
  36  3:05  Probe  
  37  3:15  Probe  
  37  3:16  Probe  
  39  3:24  Immortal (Chrono Boost)  
  43  3:27  Probe, Pylon  
  43  3:29  Probe  
  43  3:34  Pylon  
  45  3:40  Resonating Glaives (Chrono Boost), Probe  
  46  3:44  Probe  
  47  3:55  Immortal (Chrono Boost)  
  48  4:02  Gateway  
  49  4:05  Gateway  
  49  4:07  Gateway  
  49  4:09  Gateway  
  49  4:15  Gateway  
  49  4:20  Gateway  
  49  4:25  Gateway  
  49  4:27  Warp Prism  
  49  4:34  Pylon  
  51  4:38  Pylon  
  51  4:50  Adept  
  53  4:52  Pylon  
  53  5:01  Adept x2  
  53  5:02  Observer  
  53  5:06  Adept  
  53  5:07  Adept  
  62  5:13  Adept x2  
  66  5:27  Adept x4  
  74  5:30  Adept x2  
  74  5:35  Pylon  
  78  5:37  Pylon  
  78  5:40  Adept x2  
  80  6:01  Adept x4  
  80  6:02  Adept x4  
Show
View Real Time Build Order
Export as new Build Order

Lowko Zerg 

Build Orders: Hatch First 

Get SALT Encoding   

  12  0:01  Drone  
  13  0:12  Overlord  
  13  0:19  Drone  
  14  0:31  Drone x2  
  16  0:37  Drone  
  17  0:45  Drone  
  18  0:55  Hatchery  
  17  0:59  Drone  
  18  1:07  Drone  
  19  1:15  Spawning Pool  
  19  1:17  Drone  
  19  1:20  Extractor  
  18  1:28  Drone  
  19  1:39  Drone  
  20  1:56  Drone  
  21  2:02  Drone  
  21  2:07  Queen x2  
  21  2:08  Overlord  
  26  2:13  Zergling x2  
  27  2:19  Overlord  
  27  2:25  Drone  
  27  2:27  Metabolic Boost  
  27  2:29  Drone  
  29  2:34  Drone  
  30  2:40  Drone  
  30  2:42  Queen  
  33  2:46  Drone  
  34  2:53  Hatchery  
  34  2:54  Drone  
  34  2:59  Drone  
  34  3:02  Drone  
  36  3:06  Drone  
  36  3:12  Drone  
  38  3:16  Drone x3  
  38  3:17  Drone x3  
  44  3:22  Overlord  
  44  3:28  Overlord  
  44  3:40  Evolution Chamber  
  44  3:41  Evolution Chamber, Zergling x4  
  42  3:42  Zergling x2  
  42  3:47  Zergling x4  
  45  3:50  Drone  
  45  3:51  Drone x2  
  45  3:55  Drone x3  
  49  4:01  Drone  
  50  4:05  Drone  
  50  4:06  Drone  
  52  4:13  Drone  
  52  4:15  Zerg Ground Armor Level 1, Zerg Melee Weapons Level 1  
  53  4:21  Drone x2  
  53  4:22  Queen  
  57  4:29  Overlord  
  57  4:37  Roach Warren  
  56  4:39  Drone x6  
  56  4:41  Extractor  
  61  4:46  Overlord  
  61  4:53  Overlord  
  61  4:55  Overlord  
  61  5:03  Zergling x8  
  61  5:04  Zergling x4  
  66  5:08  Zergling x2  
  66  5:09  Zergling x2  
  68  5:17  Roach  
  68  5:18  Roach x4  
  78  5:24  Roach x5  
  88  5:41  Roach x4  
  88  5:42  Zergling x2  
  97  5:43  Overlord  
  97  5:54  Zergling x10  
  97  5:55  Zergling x4  
Tags
 
Add a new tag
Caveats
  • Supply blocks, unpowered buildings, or Contaminate may cause inaccurate times.
  • Supply counts are checked every 10 seconds.